 Dungeon Sprint DCSS version 0.21.0-25-ge575cb9 (webtiles) character file.

2831 wojtek the Severer (level 9, -1/89 (90) HPs)
             Began as a Minotaur Berserker on Jan 25, 2018.
             Was a High Priest of Trog.
             Slain by a redback (16 damage)
             ... in the Dungeon (Sprint III: "The Ten Rune Challenge").
             The game lasted 00:03:08 (1357 turns).

wojtek the Severer (Minotaur Berserker)             Turns: 1357, Time: 00:03:08

HP:   -1/89 (90)    AC:  4    Str: 24    XL:     9   Next: 45%
MP:   8/8           EV: 17    Int:  4    God:    Trog [*****.]
Gold: 25            SH:  0    Dex: 11    Spells: 8/8 levels left

rFire    . . .     SeeInvis .   r - +5 executioner's axe (flame)
rCold    . . .     Gourm    .   (shield currently unavailable)
rNeg     . . .     Faith    .   j - +0 leather armour
rPois    .         Spirit   .   (helmet restricted)
rElec    .         Reflect  .   (no cloak)
rCorr    .         Harm     .   (no gloves)
MR       .....     NoTele   +   (no boots)
Stlth    +.........             (no amulet)
HPRegen  0.24/turn              (no ring)
MPRegen  0.11/turn              (no ring)

@: lethally poisoned (-1 -> -45), berserk cooldown, slowed, very slow
A: retaliatory headbutt, horns 2
a: Berserk, Trog's Hand, Brothers in Arms, Burn Spellbooks, Renounce Religion


You were in the Dungeon.
You worshipped Trog.
Trog was extremely pleased with you.
You were near starving.

You visited 1 branch You collected 25 gold pieces.

Inventory:

Hand Weapons
 a - a +0 hand axe
 r - a +5 executioner's axe of flaming (weapon)
Armour
 j - a +0 leather armour (worn)
Scrolls
 i - a scroll of blinking
 k - 4 scrolls of identify {unknown}
 m - 2 scrolls of immolation {unknown}
 n - a scroll of enchant weapon {unknown}
 p - a scroll of remove curse {unknown}
Potions
 d - a potion of curing
 e - 2 potions of heal wounds
 f - a potion of haste
 g - 2 potions of magic
 h - a potion of berserk rage
 l - 4 potions of mutation {unknown}
 o - 2 potions of flight
 q - a potion of might
Miscellaneous
 b - a phial of floods
Comestibles
 c - 4 rations


   Skills:
 + Level 12.1 Fighting
 * Level 16.0 Axes
 + Level 11.9 Armour
 + Level 11.0 Dodging


You had 8 spell levels left.
You didn't know any spells.

Dungeon Overview and Level Annotations

Branches:
Dungeon (1/1)

Altars:
Cheibriados
Dithmenos
Elyvilon
Fedhas
Gozag
Hepliaklqana
Kikubaaqudgha
Makhleb
Nemelex Xobeh
Okawaru
Qazlal
Ru
Sif Muna
Trog
Uskayaw
Vehumet
Wu Jian
Xom
Yredelemnul
Zin
The Shining One
Beogh
Jiyva
Lugonu


Innate Abilities, Weirdness & Mutations

You reflexively headbutt those who attack you in melee.
You have a pair of horns on your head.


Message History

You hit the redback. You burn the redback.
The redback is almost dead.
You feel very sick. The redback bites you! x2
* * * LOW HITPOINT WARNING * * *
The redback bites you.
* * * LOW HITPOINT WARNING * * *
You are lethally poisoned!
The redback poisons you! The redback closely misses you.
You furiously retaliate!
You headbutt the redback!
You kill the redback!
Trog accepts your kill.
Your Axes skill increases to level 16!
Your Dodging skill increases to level 11!
Your ogre goes berserk!
You feel somewhat more hungry.
* * * LOW HITPOINT WARNING * * *
You feel very sick. The redback bites you!
You die...

'## ..# ..# #'#
..#+############## ###
..#....#.#.#.....# ....
))##.#..#)##.###.# .....
..'##.#.#.##.#.O##......
..#...#..#..##..@s......
▓▓▓▓▓▓▓▓▓▓▓▓▓▓▓▓#.......
....... ....... .^.....
#+#####


You could see a redback and a friendly ogre (berserk).

Vanquished Creatures
  Erolcha (D)
  A deep elf mage (D)
  A redback (D)
  A shadow (D)
  A spatial vortex (D)
  A necrophage (D)
  4 two-headed ogres (D)
  A water elemental (D)
  A jelly (D)
  A wizard (D)
  A necromancer (D)
  3 humans (D)
  A kobold demonologist (D)
  A wolf (D)
  An ooze (D)
  3 rats (D)
23 creatures vanquished.

Vanquished Creatures (collateral kills)
  A two-headed ogre (D)
1 creature vanquished.

Vanquished Creatures (others)
  2 draconian scorchers (D)
  6 hellions (D)
  2 yaktaurs (D)
  3 plants (D)
13 creatures vanquished.

Grand Total: 37 creatures vanquished

Notes
Turn   | Place    | Note
-------+----------+-------------------------------------------
     0 | D        | wojtek the Minotaur Berserker began the quest for the Orb.
     0 | D        | Reached XP level 1. HP: 19/19 MP: 0/0
    13 | D        | Reached skill level 4 in Axes
    33 | D        | Reached ** piety under Trog
    52 | D        | Noticed a wolf
    54 | D        | Killed a wolf
    54 | D        | Reached skill level 5 in Axes
    54 | D        | Reached XP level 2. HP: 28/28 MP: 1/1
    64 | D        | Reached skill level 5 in Fighting
    64 | D        | Reached skill level 6 in Axes
    64 | D        | Reached XP level 3. HP: 34/36 MP: 2/2
    94 | D        | Killed a hellion
    94 | D        | Killed a hellion
    94 | D        | Killed a hellion
    94 | D        | Killed a hellion
   111 | D        | Killed a hellion
   158 | D        | Noticed a water elemental
   159 | D        | Killed a hellion
   161 | D        | Killed a water elemental
   161 | D        | Reached *** piety under Trog
   161 | D        | Reached skill level 7 in Axes
   161 | D        | Reached skill level 5 in Armour
   161 | D        | Reached XP level 4. HP: 27/44 MP: 3/3
   207 | D        | Killed a white draconian scorcher
   209 | D        | Killed a white draconian scorcher
   333 | D        | Found a radiant altar of Vehumet.
   334 | D        | Found a deep blue altar of Sif Muna.
   334 | D        | Found an ancient bone altar of Kikubaaqudgha.
   334 | D        | Noticed a wizard
   339 | D        | Noticed an ice devil
   341 | D        | Killed a wizard
   341 | D        | Reached skill level 8 in Axes
   341 | D        | Reached skill level 5 in Dodging
   341 | D        | Reached XP level 5. HP: 24/51 MP: 4/4
   344 | D        | Killed a yaktaur
   470 | D        | Killed a yaktaur
   538 | D        | Found a hide-covered altar of Uskayaw.
   538 | D        | Found an iron altar of Okawaru.
   539 | D        | Found a roughly hewn altar of Beogh.
   539 | D        | Found a bloodstained altar of Trog.
   539 | D        | Found an ornate altar of the Wu Jian Council.
   539 | D        | Noticed a human
   539 | D        | Noticed a human
   542 | D        | Reached **** piety under Trog
   551 | D        | Killed a human
   551 | D        | Reached skill level 10 in Axes
   551 | D        | Reached XP level 6. HP: 61/61 MP: 5/5
   555 | D        | Killed a human
   555 | D        | Received a gift from Trog
   555 | D        | Reached skill level 11 in Axes
   699 | D        | Found a shadowy altar of Dithmenos.
   703 | D        | Found a basalt altar of Yredelemnul.
   703 | D        | Found a sacrificial altar of Ru.
   705 | D        | Reached XP level 7. HP: 68/68 MP: 6/6
   784 | D        | Found a glowing silver altar of Zin.
   785 | D        | Found a glowing golden altar of the Shining One.
   785 | D        | Found a white marble altar of Elyvilon.
   785 | D        | Noticed a deep elf mage
   788 | D        | Reached ***** piety under Trog
   791 | D        | Killed a deep elf mage
   791 | D        | Reached skill level 13 in Axes
   833 | D        | Noticed a shadow
   839 | D        | Received a gift from Trog
   839 | D        | Reached skill level 10 in Fighting
   841 | D        | Killed a shadow
   841 | D        | Reached XP level 8. HP: 78/78 MP: 7/7
   896 | D        | Found a blossoming altar of Fedhas.
   896 | D        | Found a stormy altar of Qazlal.
   896 | D        | Found a snail-covered altar of Cheibriados.
   896 | D        | Found a burning altar of Makhleb.
   896 | D        | Found a shimmering altar of Xom.
   897 | D        | Found a hazy altar of Hepliaklqana.
   897 | D        | Found an opulent altar of Gozag.
   897 | D        | Found a sparkling altar of Nemelex Xobeh.
   897 | D        | Found a corrupted altar of Lugonu.
   897 | D        | Found a viscous altar of Jiyva.
   909 | D        | Reached skill level 10 in Armour
   932 | D        | Reached skill level 14 in Axes
  1239 | D        | Noticed a two-headed ogre
  1246 | D        | Killed a two-headed ogre
  1341 | D        | Noticed a two-headed ogre
  1341 | D        | Noticed Erolcha
  1345 | D        | Killed Erolcha
  1345 | D        | Reached skill level 15 in Axes
  1345 | D        | Reached skill level 10 in Dodging
  1345 | D        | Reached XP level 9. HP: 89/89 MP: 8/8
  1348 | D        | Killed a two-headed ogre
  1356 | D        | Reached skill level 16 in Axes
  1357 | D        | Slain by a redback

Skill      XL: |  1  2  3  4  5  6  7  8  9 |
---------------+----------------------------+-----
Fighting       | 4 5 6 7 8 10 11 12 | 12.1
Axes           | 5 6 7 8 10 11 13 15 16 | 16.0
Armour         | 3 4 5 7 8 9 11 | 11.9
Dodging        | 3 4 5 6 7 9 10 11 | 11.0

Action                   |  1- 3 |  4- 6 |  7- 9 || total
-------------------------+-------+-------+-------++-------
Melee: Hand axe          |    19 |    22 |    10 ||    51
       Headbutt          |     3 |     3 |     4 ||    10
       Executioner's axe |       |       |    27 ||    27
Invok: Berserk           |     2 |     3 |     3 ||     8
       Burn Spellbooks   |       |     1 |     1 ||     2
       Brothers in Arms  |       |       |     2 ||     2
  Eat: Ration            |       |     1 |       ||     1
       Chunk             |       |       |     4 ||     4
Armor: Animal skin       |     2 |     1 |       ||     3
       Leather armour    |       |       |     2 ||     2
Dodge: Dodged            |    15 |     7 |    15 ||    37
